Get step-by-step instructions on how to execute this build order below. Start the game timer, and the build order will tick by so you can play in parallel with StarCraft on a second screen or mobile device.

Game Time

  0:00

Last Step

  N/A

Next Step

  12  0:00  Drone  

Upcoming Step

  13  0:08  Drone  

Don't want to look back and forth between 2 screens? Try out our Overwolf App, the Spawning Tool Build Advisor to get an in-game overlay with this build!

Complete Build Order

  12  0:00  Drone  
  13  0:08  Drone  
  14  0:16  Overlord  
  14  0:22  Extractor  
  14  0:23  Drone  
  15  0:35  Drone x2  
  17  0:44  Spawning Pool  
  17  0:46  Drone  
  17  1:07  Hatchery  
  17  1:10  Drone  
  17  1:12  Drone  
  17  1:15  Drone  
  19  1:23  Extractor  
  18  1:30  Queen  
  18  1:31  Zergling x2  
  21  1:38  Drone  
  22  1:48  Overlord  
  22  2:07  Drone  
  22  2:08  Hatchery  
  22  2:14  Queen  
  24  2:17  Drone  
  24  2:20  Drone  
  26  2:25  Drone  
  27  2:30  Metabolic Boost  
  27  2:33  Drone  
  27  2:36  Drone  
  29  2:40  Drone  
  29  2:43  Drone  
  30  2:44  Drone  
  30  2:46  Drone  
  30  2:49  Drone  
  33  2:55  Overlord  
  33  3:00  Queen  
  33  3:05  Zergling x2, Extractor  
  36  3:14  Drone  
  36  3:15  Drone x2  
  36  3:18  Drone  
  40  3:20  Queen  
  40  3:23  Drone x2  
  40  3:25  Drone  
  45  3:28  Drone x2  
  45  3:30  Drone  
  48  3:35  Overlord  
  48  3:36  Overlord  
  48  3:44  Drone  
  48  3:46  Roach Warren  
  48  3:47  Extractor  
  48  3:48  Drone  
  48  3:51  Drone  
  48  3:55  Drone x5  
  54  3:59  Lair  
  54  4:04  Drone x2  
  54  4:07  Extractor  
  55  4:11  Overlord  
  55  4:17  Drone x3  
  57  4:18  Drone  
  57  4:19  Overlord x2  
  57  4:20  Spore Crawler  
  57  4:23  Spore Crawler  
  57  4:26  Spore Crawler  
  58  4:31  Roach  
  58  4:32  Roach x3  
  58  4:34  Roach  
  58  4:36  Roach  
  70  4:38  Roach  
  70  4:40  Roach  
  70  4:43  Drone x2  
  74  4:51  Overlord  
  74  4:52  Drone x2  
  76  4:56  Glial Reconstitution  
  76  4:57  Overseer  
  76  4:59  Drone x2  
  78  5:00  Drone x3  
  78  5:02  Overlord  
  81  5:07  Drone x2  
  81  5:10  Extractor  
  82  5:15  Drone x2  
  82  5:16  Overlord  
  82  5:17  Drone x2  
  82  5:20  Overlord  
  82  5:21  Overlord  
  86  5:22  Overseer  
  86  5:30  Drone  
  86  5:32  Hatchery  
  86  5:35  Drone x2  
  88  5:36  Baneling Nest  
  87  5:44  Overlord  
  87  5:47  Roach x6  
  99  5:53  Roach x4  
  109  5:57  Roach x2, Zergling x2  
  109  6:01  Overlord  
  112  6:06  Roach x2, Zergling x2  
  112  6:07  Zergling x2  
  118  6:12  Zergling x4  
  118  6:16  Evolution Chamber  
  118  6:17  Spore Crawler  
  119  6:22  Extractor  
  119  6:25  Extractor  
  116  6:27  Hatchery  
  116  6:29  Drone x2  
  116  6:32  Drone x2, Spire  
  118  6:36  Drone x3  
  118  6:38  Drone x2  
  123  6:41  Baneling  
  123  6:42  Baneling x5  
  123  6:43  Overlord  
  123  6:44  Roach x2, Zergling x6  
  129  6:50  Overlord  
  129  6:58  Roach  
  129  6:59  Roach, Zergling x6  
  135  7:02  Centrifical Hooks  
  135  7:04  Roach x2, Zergling x8  
  143  7:10  Ravager  
  143  7:11  Ravager x3  
  143  7:12  Zergling x2  
  143  7:13  Zergling x6  
  143  7:14  Overlord  
  151  7:19  Baneling x3  
  151  7:20  Overlord  
  151  7:23  Baneling x2  
  151  7:24  Ravager, Overlord  
  152  7:35  Roach  
  152  7:36  Roach x7, Zergling x2  
  152  7:37  Zergling x2  
  155  7:41  Roach x2, Zergling x4  
  138  7:49  Roach x2, Zergling x2  
  135  7:56  Roach x2, Zergling x2  
  134  8:01  Roach x2, Zergling x6  
  125  8:06  Roach x2, Zergling x2  
  125  8:08  Roach  
  119  8:14  Roach  
  119  8:16  Roach x2  
  119  8:17  Queen x2  
  122  8:20  Roach x2  
  122  8:23  Ravager  
  122  8:25  Zergling x4  
  104  8:40  Zergling x10  
  92  8:43  Zergling x4  
  92  8:45  Zergling x6  
  79  8:57  Roach  
  79  8:58  Roach x2  
  79  8:59  Roach x4  
  89  9:05  Roach  
  87  9:18  Mutalisk x5  
  87  9:19  Mutalisk x2  
  87  9:24  Baneling x3  
  101  9:25  Drone  
  101  9:26  Drone x2  
  101  9:30  Mutalisk  
  106  9:35  Drone x5  
  111  9:38  Mutalisk  
  111  9:42  Drone x2  
  111  9:43  Queen  
  111  9:44  Drone x2  
  119  9:46  Drone  
  120  9:54  Zergling x2  
  120  9:55  Zergling x14  
  120  9:57  Zergling x4  
  129  10:02  Zergling x4  
  129  10:05  Ravager x5  
  129  10:06  Zergling x2  
  137  10:08  Zergling x10  
  137  10:11  Baneling  
  137  10:12  Baneling x3  
  142  10:16  Zergling x4  
  142  10:17  Zergling x4  
  142  10:18  Baneling  
  142  10:20  Zergling x8  
  150  10:22  Baneling  
  147  10:32  Drone  
  146  10:36  Drone x3  
  146  10:37  Drone x2  
  146  10:39  Ravager  
  146  10:40  Ravager x2  
  146  10:41  Baneling x5  
  154  10:47  Drone x2  
  154  10:48  Drone x2, Queen  
  160  10:51  Evolution Chamber  
  160  10:53  Zergling x16  
  160  10:54  Zergling x4  
  169  11:09  Zergling x2  
  169  11:10  Zergling x6  
  173  11:11  Overlord x2  
  173  11:12  Hatchery  
  173  11:14  Overlord  
  173  11:16  Ravager, Baneling x4  
  173  11:24  Extractor  
  172  11:27  Overlord  
  172  11:31  Roach x2  
  172  11:32  Roach, Zergling x22  
  189  11:33  Zergling x4  
  191  11:40  Zergling x2  
  191  11:41  Zergling x10  
  191  11:45  Baneling  
  191  11:46  Baneling x4  
  197  11:48  Zergling x2  
  197  11:49  Zergling x4  
  197  11:51  Roach  
  196  12:24  Infestation Pit  
  196  12:28  Zerg Ground Armor Level 1, Zerg Melee Weapons Level 1, Hydralisk Den  
  194  12:30  Extractor  
  194  12:31  Baneling x6  
  192  12:41  Baneling x6  
  192  12:42  Ravager x4  
  196  12:55  Baneling  
  196  12:56  Baneling x6  
  196  13:01  Muscular Augments  
  196  13:02  Extractor  
  196  13:03  Hive  
  192  13:25  Baneling x6  
  192  13:35  Zergling x14  
  192  13:36  Zergling x2  
  200  13:43  Extractor  
  200  13:44  Spore Crawler, Hatchery  
  200  13:45  Spine Crawler, Extractor  
  200  13:47  Baneling x2  
  195  13:50  Baneling  
  195  13:51  Baneling x2, Spine Crawler  
  195  13:53  Spine Crawler  
  195  13:54  Baneling x3  
  195  13:55  Baneling  
  193  14:00  Baneling x6  
  190  14:15  Baneling  
  190  14:16  Baneling x2  
  185  14:18  Drone  
  182  14:34  Greater Spire  
  182  14:35  Ultralisk Cavern  
  173  14:39  Zergling x2  
  173  14:40  Zergling x48  
  173  14:41  Zergling x6  
  190  14:46  Hydralisk x7  
  198  14:54  Zergling x2  
  162  15:03  Hydralisk  
  162  15:04  Hydralisk x8  
  162  15:06  Hydralisk x8  
  168  15:08  Baneling  
  168  15:09  Baneling x4  
  168  15:10  Zergling x4  
  168  15:13  Zergling x2  
  177  15:14  Zergling x8  
  177  15:17  Zergling x6  
  177  15:20  Zergling x4  
  177  15:21  Zergling x2  
  186  15:22  Baneling x4  
  186  15:23  Baneling x5, Zergling x2  
  186  15:26  Baneling  
  186  15:27  Baneling x2, Zergling x2  
  184  15:32  Zergling x4  
  146  15:39  Zergling x4